 Dungeon Crawl Stone Soup version 0.22.1-2-g9c5b331 (webtiles) character file.

6069 Fang the Cleaver (level 10, -16/96 HPs)
             Began as a Gargoyle Berserker on Dec 4, 2018.
             Was a High Priest of Trog.
             Demolished by an enormous slime creature (18 damage)
             ... on level 10 of the Dungeon.
             The game lasted 00:11:19 (8727 turns).

Fang the Cleaver (Gargoyle Berserker)               Turns: 8727, Time: 00:11:20

Health: -16/96     AC: 25    Str: 28 (29) XL:     10   Next: 87%
Magic:  10/10      EV:  9    Int:  8      God:    Trog [*****.]
Gold:   567        SH:  0    Dex: 14      Spells: 9/9 levels left

rFire    . . .     SeeInvis +   h - +1 war axe (chop)
rCold    + . .     Gourm    .   (no shield)
rNeg     + . .     Faith    .   y - +3 plate armour
rPois    ∞         Spirit   .   (no helmet)
rElec    +         Reflect  .   l - +1 cloak
rCorr    .         Harm     .   (no gloves)
MR       .....                  (no boots)
Stlth    ..........             (no amulet)
HPRegen  0.26/turn              d - ring of see invisible
MPRegen  0.12/turn              w - +5 ring of dexterity

@: berserking, very quick
A: cold resistance 1, deterioration 1, negative energy resistance 1, electricity
resistance, unbreathing, petrification resistance, rot immunity, AC +7
a: Berserk, Trog's Hand, Brothers in Arms, Renounce Religion


You were on level 10 of the Dungeon.
You worshipped Trog.
Trog was extremely pleased with you.
You were near starving.

You visited 1 branch of the dungeon, and saw 10 of its levels.
You also visited: Sewer.

You collected 567 gold pieces.

Inventory:

Hand Weapons
 h - a +1 war axe of chopping (weapon)
 j - a +4 battleaxe
Armour
 l - a +1 cloak (worn)
 y - a +3 plate armour (worn)
Jewellery
 d - a ring of see invisible (left hand)
 t - a +4 ring of evasion
 w - a +5 ring of dexterity (right hand)
 x - an uncursed ring of protection from magic
Wands
 g - a wand of flame (20)
Scrolls
 b - 3 scrolls of teleportation
 e - a scroll of fog {unknown}
 f - a scroll of magic mapping
 n - 2 scrolls of blinking
Potions
 i - a potion of magic
 k - a potion of berserk rage
 m - 4 potions of flight
 p - 5 potions of heal wounds {unknown}
 q - a potion of lignification
 s - 2 potions of agility {unknown}
 u - a potion of brilliance
 v - a potion of might {unknown}
 z - a potion of haste {unknown}
Comestibles
 c - 20 rations


   Skills:
 + Level 7.9 Fighting
 + Level 11.7 Axes
 + Level 7.5 Armour
 + Level 3.1 Dodging
 + Level 0.5 Stealth


You had 9 spell levels left.
You didn't know any spells.
Your spell library was empty.

Dungeon Overview and Level Annotations

Branches:
Dungeon (10/15)            Temple (0/1) D:4            Lair (0/6) D:8
    Orc: D:9-12

Altars:
Gozag
Kikubaaqudgha
Xom

Shops:
D:5 *   D:10 =

Annotations:
D:8 1 runed door, anacleto's ghost, novice MiBe


Innate Abilities, Weirdness & Mutations

You are resistant to torment.
Your stone body is resilient. (AC +7)
You are immune to poison.
You resist negative energy. (rN+)
You are resistant to electric shocks. (rElec)
You can survive without breathing.
You are immune to petrification.
You are immune to rotting.
Your flesh is cold resistant. (rC+)
Your body sometimes deteriorates upon taking damage.


Message History

The enormous slime creature jiggles.
The enormous slime creature hits you!
* * * LOW HITPOINT WARNING * * *
Unknown command.
You barely miss the bullfrog.
The bullfrog is almost dead.
You slash the enormous slime creature! The bullfrog misses you.
The bullfrog hits you but does no damage.
Unknown command.
You closely miss the bullfrog.
The bullfrog is almost dead.
You barely miss the enormous slime creature.
You are near starving!
The enormous slime creature hits you but does no damage.
You barely miss the bullfrog.
The bullfrog is almost dead.
You slash the enormous slime creature!
The bullfrog hits you but does no damage.
The enormous slime creature hits you!!
You die...

.#.... ..#..#
#...#....... ..#..#
#...#...!... ..#..#
#...#....... .#...#
#...#...>... #....#
#...#....... .#...#
#...#....... ..#..#
#...#JT.....
..#..########...@Ft.....
......#.........####+###
......####..........
.........#...........
....##'###............
....#.................
....#.................
....#...........######
....####........#


You could see an enormous slime creature, a troll, a crocodile and a bullfrog.

Vanquished Creatures
  Pikel (D:8)
  The ghost of Jclef the Chopper, a novice MiFi (D:4)
  The ghost of gregunderscorem the Shield-Bearer, a novice OpFi (D:4)
  A troll (D:6)
  The ghost of Jclef the Chopper, an amateur MiFi (D:4)
  A hippogriff (D:6)
  A spriggan (D:9)
  A water moccasin (D:9)
  5 orc warriors
  4 ice beasts
  3 sky beasts
  3 centaurs
  4 ogres
  A phantom (D:7)
  2 big kobolds
  A bullfrog (D:6)
  A water moccasin zombie (D:9)
  A wyvern skeleton (D:9)
  3 scorpions
  3 wights (D:9)
  7 howler monkeys
  5 crimson imps
  A centaur zombie (D:7)
  6 hounds
  A bullfrog zombie (D:9)
  4 jellies
  Crazy Yiuf (D:6)
  A bullfrog skeleton (D:4)
  3 orc priests
  A centaur skeleton (D:9)
  Jessica (D:3)
  5 worker ants
  4 iguanas
  10 orc wizards
  A howler monkey zombie (D:6)
  A worker ant zombie (D:6)
  A howler monkey skeleton (D:7)
  12 adders
  A shadow imp (D:6)
  2 oozes
  2 adder zombies
  An adder skeleton (D:4)
  4 worms
  2 dart slugs (D:1)
  5 leopard geckos
  23 orcs
  3 bats
  3 giant cockroaches
  6 goblins
  8 hobgoblins
  6 jackals
  3 quokkas
  4 ball pythons
  A frilled lizard (D:2)
  18 kobolds
  14 rats
210 creatures vanquished.

Vanquished Creatures (others)
  2 withered plants (D:4)
2 creatures vanquished.

Grand Total: 212 creatures vanquished

Notes
Turn   | Place    | Note
-------+----------+-------------------------------------------
     0 | D:1      | Fang the Gargoyle Berserker began the quest for the Orb.
     0 | D:1      | Reached XP level 1. HP: 14/14 MP: 1/1
    40 | D:1      | Reached XP level 2. HP: 10/19 MP: 2/2
   193 | D:1      | Reached skill level 3 in Axes
   428 | D:1      | Reached XP level 3. HP: 22/24 MP: 3/3
   682 | D:1      | Reached ** piety under Trog
  1002 | D:2      | Reached XP level 4. HP: 29/29 MP: 4/4
  1694 | D:3      | Noticed Jessica
  1702 | D:3      | Killed Jessica
  1702 | D:3      | Reached skill level 4 in Axes
  1702 | D:3      | Reached XP level 5. HP: 31/33 MP: 5/5
  1894 | D:3      | Found a glowing drain.
  1923 | Sewer    | Entered a sewer
  1937 | Sewer    | Reached *** piety under Trog
  1981 | Sewer    | Noticed a big kobold
  2011 | Sewer    | Killed a big kobold
  2011 | Sewer    | Reached XP level 6. HP: 25/38 MP: 6/6
  2181 | Sewer    | Found a white marble altar of Elyvilon.
  2675 | D:3      | Noticed an ice beast
  2682 | D:3      | Killed an ice beast
  2682 | D:3      | Reached skill level 5 in Axes
  3074 | D:4      | Found a runed gate.
  3074 | D:4      | Found a runed gate.
  3084 | D:4      | Found a runed gate.
  3086 | D:4      | Noticed gregunderscorem's ghost (novice OpFi)
  3392 | D:4      | Reached XP level 7. HP: 44/44 MP: 7/7
  3417 | D:4      | Found a staircase to the Ecumenical Temple.
  3651 | D:4      | Noticed Jclef's ghost (amateur MiFi)
  3707 | D:4      | Noticed Jclef's ghost (novice MiFi)
  3720 | D:5      | Entered Level 5 of the Dungeon
  3850 | D:5      | Reached skill level 6 in Axes
  3856 | D:5      | Found an opulent altar of Gozag.
  3860 | D:5      | Found Gozag's Platinum Reserve.
  4127 | D:5      | Found an ancient bone altar of Kikubaaqudgha.
  4600 | D:4      | Killed Jclef's ghost
  4600 | D:4      | Reached skill level 5 in Fighting
  4600 | D:4      | Reached skill level 5 in Armour
  4600 | D:4      | Reached XP level 8. HP: 49/49 MP: 8/8
  4601 | D:4      | Killed gregunderscorem's ghost
  4601 | D:4      | Reached skill level 7 in Axes
  4611 | D:4      | Killed Jclef's ghost
  4611 | D:4      | Reached skill level 8 in Axes
  4752 | D:6      | Reached XP level 9. HP: 54/54 MP: 9/9
  4975 | D:6      | Gained mutation: Your body sometimes deteriorates upon
                  | taking damage. [potion of mutation]
  4975 | D:6      | Gained mutation: Your flesh is cold resistant. (rC+)
                  | [potion of mutation]
  5131 | D:6      | Reached skill level 9 in Axes
  5133 | D:6      | Noticed a troll
  5143 | D:6      | Killed a troll
  5417 | D:6      | Found a runed door.
  5883 | D:6      | Noticed Crazy Yiuf
  5887 | D:6      | Killed Crazy Yiuf
  6063 | D:7      | Reached **** piety under Trog
  6169 | D:7      | Reached skill level 10 in Axes
  6197 | D:7      | Reached XP level 10. HP: 44/61 MP: 10/10
  7608 | D:8      | Found a staircase to the Lair.
  7662 | D:8      | Found a runed door.
  7662 | D:8      | Found a shimmering altar of Xom.
  7662 | D:8      | Noticed anacleto's ghost (novice MiBe)
  7662 | D:8      | Noticed a short sword of chaos
  7822 | D:8      | Noticed Pikel
  7834 | D:8      | Killed Pikel
  7834 | D:8      | Reached skill level 11 in Axes
  8068 | D:9      | Reached ***** piety under Trog
  8671 | D:10     | Entered Level 10 of the Dungeon
  8684 | D:10     | Found Gaduer's Jewellery Boutique.
  8724 | D:10     | HP: 2/96 [enormous slime creature (14)]
  8727 | D:10     | Demolished by an enormous slime creature

Skill      XL: |  1  2  3  4  5  6  7  8  9 10 |
---------------+-------------------------------+-----
Axes           | 3 4 5 6 8 10 11 | 11.7
Fighting       | 4 5 6 7 |  7.9
Dodging        | 2 3 |  3.1
Armour         | 3 4 5 6 7 |  7.5
Stealth        | |  0.5

Action                   |  1- 3 |  4- 6 |  7- 9 | 10-12 || total
-------------------------+-------+-------+-------+-------++-------
Melee: Hand axe          |   121 |    33 |       |       ||   154
       War axe           |       |   159 |   216 |   218 ||   593
Invok: Berserk           |       |     1 |     5 |     1 ||     7
  Use: Scroll            |       |       |    13 |     7 ||    20
       Potion            |       |       |     1 |     1 ||     2
  Eat: Chunk             |       |     7 |    10 |     7 ||    24
       Ration            |       |     1 |     1 |       ||     2
Armor: Animal skin       |    24 |       |       |       ||    24
       Chain mail        |    23 |   142 |    42 |       ||   207
       Plate armour      |       |       |    68 |   111 ||   179
Dodge: Dodged            |    86 |   113 |   121 |    78 ||   398
